 Dungeon Crawl Stone Soup version 0.29.0-11-gd7f09526c8 (webtiles) character file.

Game seed: 2449600655104342365

947 ImASeal the Magician (level 8, 0/56 HPs)
             Began as a Djinni Fire Elementalist on Sept 4, 2022.
             Slain by an orc wizard
             ... wielding a +3 hand axe of flaming
              (1 damage)
             ... on level 6 of the Dungeon.
             The game lasted 00:13:44 (4997 turns).

ImASeal the Magician (Djinni Fire Elementalist)     Turns: 4997, Time: 00:13:45

Health: 0/56       AC:  3    Str: 10    XL:     8   Next: 35%
Gold:   287        EV: 14    Int: 20    God:
                   SH:  0    Dex: 15

rFire   + . .      SeeInvis .   y - +6 quarterstaff of Defilement {drain, rF- Str+3 Dex+2 Stlth+}
rCold   x . .      Faith    .   (shield currently unavailable)
rNeg    . . .      Spirit   .   a - +0 robe
rPois   ∞          Reflect  .   (no helmet)
rElec   .          Harm     .   (no cloak)
rCorr   .          Rampage  .   t - +0 pair of gloves
Will    .....                   (boots unavailable)
Stlth   +++.......              j - amulet of regeneration
HPRegen 0.98/turn               (no ring)
MPRegen 0.00/turn               (no ring)

@: flying
A: sickness immunity, fire resistance 2, cold vulnerability 1, float, innate
caster, HP casting, extra vitality 1
a: no special abilities


You were on level 6 of the Dungeon.
You visited 1 branch of the dungeon, and saw 6 of its levels.

You collected 365 gold pieces.
You spent 78 gold pieces at shops.

Inventory:

Hand Weapons
 d - a +0 short sword
 v - a +2 flail of holy wrath
 y - the +6 quarterstaff of Defilement (weapon) {drain, rF- Str+3 Dex+2 Stlth+}
   (You took it off an orc on level 4 of the Dungeon)

   A truly terrible weapon, it drains the life of any living foe it strikes.
   Str:       It affects your strength (+3).
   Dex:       It affects your dexterity (+2).
   rF:        It makes you vulnerable to fire.
   Stlth:     It makes you more stealthy.
Armour
 a - a +0 robe (worn)
 t - a +0 pair of gloves (worn)
Jewellery
 j - an amulet of regeneration (around neck)
 A - an amulet of reflection
Wands
 w - a wand of charming (16)
 D - a wand of roots (2)
Scrolls
 e - 3 scrolls of noise {unknown}
 f - 2 scrolls of torment
 g - a scroll of amnesia {unknown}
 h - 2 scrolls of fear {unknown}
 k - a scroll of enchant armour {unknown}
 l - 4 scrolls of blinking {unknown}
 n - 2 scrolls of enchant weapon {unknown}
 o - 3 scrolls of identify {unknown}
 p - 3 scrolls of magic mapping {unknown}
 s - a scroll of silence {unknown}
 C - a scroll of teleportation {unknown}
Potions
 b - 2 potions of degeneration {unknown}
 c - 2 potions of haste
 i - 5 potions of heal wounds {unknown}
 m - a potion of invisibility {unknown}
 q - 2 potions of berserk rage {unknown}
 r - 3 potions of curing
 u - 2 potions of mutation {unknown}
 x - a potion of flight {unknown}
 z - a potion of might {unknown}
 B - a potion of brilliance {unknown}


   Skills:
 + Level 3.2 Fighting
 - Level 0.5 Staves
 + Level 5.1 Dodging
 - Level 1.7 Stealth
 + Level 5.9 Spellcasting


You couldn't memorise any spells.
You knew the following spells:

 Your Spells              Type           Power      Damage    Failure   Level
a - Foxfire               Conj/Fire      100%       2x1d9     1%          1
b - Scorch                Fire           58%        2d8       1%          2
c - Conjure Flame         Conj/Fire      29%        6-21      2%          3
d - Inner Flame           Hex/Fire       29%        N/A       2%          3
e - Flame Wave            Conj/Fire      29%        2d9       10%         4
f - Beastly Appendage     Tmut           58%        N/A       1%          1
g - Ensorcelled Hibernat  Hex/Ice        58%        N/A       1%          2
h - Searing Ray           Conj           58%        2d6       1%          2
Your spell library was empty.

Dungeon Overview and Level Annotations

Branches:
Dungeon (6/15)
 Temple: D:4-7

Altars:

Shops:
D:2 *   D:3 [


Innate Abilities, Weirdness & Mutations

You are immune to sickness and miasma.
You are immune to poison.
Your flesh is very heat resistant. (rF++)
You are vulnerable to cold. (rC-)
You float through the air rather than walking.
You learn spells naturally, not from books.
Your magical power is your life essence.
You have superior vitality. (+4 MHP)


Message History

The foxfire hits the orc warrior but does no damage.
The orc warrior is heavily wounded.
Something completely misses you.
The orc warrior hits you with a +0 mace!
Casting: Foxfire (safe; 1% risk of failure)
Confirm with . or Enter, or press ? or * to list all spells.
You conjure some foxfire!
The foxfire hits the orc warrior but does no damage.
The orc warrior is heavily wounded.
The foxfire hits the orc warrior.
The orc warrior is severely wounded.
You hear some strange, mumbled words.
A magic dart appears from out of thin air!
The magic dart hits you! The orc warrior barely misses you.
Casting: Foxfire (safe; 1% risk of failure)
Confirm with . or Enter, or press ? or * to list all spells.
Flames lash the orc warrior but do no damage.
The foxfire hits the orc warrior but does no damage.
The orc warrior is severely wounded.
The foxfire hits the orc warrior but does no damage.
The orc warrior is severely wounded.
Something hits you. The orc warrior completely misses you.
Casting: Scorch (safe; 1% risk of failure)
Confirm with . or Enter, or press ? or * to list all spells.
Flames lash something.
Something hits you. Something burns you.
The orc warrior hits you with a +0 mace!
* * * LOW HITPOINT WARNING * * *
Casting: Scorch (safe; 1% risk of failure)
Confirm with . or Enter, or press ? or * to list all spells.
Flames lash something.
* * * LOW HITPOINT WARNING * * *
Something barely misses you.
The orc warrior hits you with a +0 mace!
* * * LOW HITPOINT WARNING * * *
You hit the orc warrior.
The orc warrior is severely wounded.
Something hits you.
* * * LOW HITPOINT WARNING * * *
Something burns you.
You die...

##..[####.. #..........
#.......... #......))..
#.....))... #..........
.. #..o{...... ...
#..@....... ....
#######.##..###.
....##....##.##..###
....................
....................
#########)).............
........#)).............
........##'#######+####
<.........)........


You could see an orc warrior.

Vanquished Creatures
  An orc warrior (D:6)
  2 phantoms
  A scorpion (D:5)
  A hound (D:4)
  2 jellies (D:4)
  3 orc priests
  A gnoll bouda (D:4)
  2 iguanas (D:5)
  6 orc wizards
  5 gnolls (D:4)
  7 adders
  A shadow imp (D:6)
  An ufetubus (D:6)
  A worm (D:2)
  6 dart slugs
  28 orcs
  4 ball pythons
  2 bats (D:3)
  5 endoplasms
  6 giant cockroaches
  2 goblins
  3 hobgoblins
  3 jackals (D:4)
  2 kobolds
  4 quokkas
  3 frilled lizards (D:1)
  A rat (D:3)
103 creatures vanquished.

Vanquished Creatures (others)
  297 foxfires
297 creatures vanquished.

Grand Total: 400 creatures vanquished

Notes
Turn   | Place    | Note
-------+----------+-------------------------------------------
     0 | D:1      | ImASeal the Djinni Fire Elementalist began the quest for
                  | the Orb.
     0 | D:1      | ImASeal set off with the following spells memorised:
                  | Foxfire, Scorch, Conjure Flame, Inner Flame, Flame Wave.
     0 | D:1      | Reached XP level 1. HP: 15/15 MP: 0/0
   266 | D:1      | Reached XP level 2. HP: 17/21 MP: 0/0
   678 | D:1      | Reached XP level 3. HP: 23/25 MP: 0/0
   678 | D:1      | Learned a level 1 spell: Beastly Appendage
  1358 | D:2      | Found Cyevodott's Assorted Antiques.
  1361 | D:2      | Bought a scroll labelled PERACUV TAOSUE for 20 gold pieces
  1361 | D:2      | Bought a scroll labelled LETEIM COTUIFET for 20 gold pieces
  1361 | D:2      | Bought a metallic black potion for 18 gold pieces
  1361 | D:2      | Bought a scroll labelled KIOZAPS COOTORE for 20 gold pieces
  2069 | D:3      | Reached XP level 4. HP: 31/31 MP: 0/0
  2081 | D:3      | Found Jiaffiar's Armour Emporium.
  3074 | D:4      | Reached XP level 5. HP: 32/36 MP: 0/0
  3074 | D:4      | Learned a level 2 spell: Ensorcelled Hibernation
  3223 | D:4      | Reached skill level 1 in Fighting
  3226 | D:4      | Reached XP level 6. HP: 41/42 MP: 0/0
  3813 | D:4      | Identified the +6 quarterstaff of Defilement {drain, rF-
                  | Str+3 Dex+2 Stlth+}
  3970 | D:4      | Reached XP level 7. HP: 16/48 MP: 0/0
  3970 | D:4      | Learned a level 2 spell: Searing Ray
  4055 | D:5      | Entered Level 5 of the Dungeon
  4648 | D:5      | Reached skill level 5 in Spellcasting
  4849 | D:6      | Reached XP level 8. HP: 47/55 MP: 0/0
  4944 | D:6      | Reached skill level 5 in Dodging
  4997 | D:6      | HP: 1/56 [something (4)]
  4997 | D:6      | Slain by an orc wizard

Illustrated notes

Levels and vault maps discovered:
D:1:      spicycebolla_arrival_ecumenical, layout_rooms, hex_medium
D:2:      layout_rooms, serial_shops, nicolae_shop_behind_doors,
          supply_closet_lemuel
D:3:      layout_loops_cross, serial_shops, nicolae_lakefront_shop,
          grunt_decor_one_mirror, fountainhead, minmay_misc_feat_square,
          minivault_14
D:4:      layout_loops_corners, minmay_three_crescents
D:5:      layout_gridville
D:6:      layout_gridville, nicolae_overflow_hidden_temple

Skill      XL: |  1  2  3  4  5  6  7  8 |
---------------+-------------------------+-----
Spellcasting   | 3 4 5 |  5.9
Dodging        | 3 4 5 |  5.1
Fighting       | 1 2 3 |  3.2
Staves         | |  0.5
Stealth        | |  1.7

Action                   |  1- 3 |  4- 6 |  7- 9 || total
-------------------------+-------+-------+-------++-------
Melee: Short sword       |    40 |    40 |       ||    80
       Flail             |       |    52 |       ||    52
       Quarterstaff      |       |     7 |    34 ||    41
 Cast: Foxfire           |    51 |    60 |    80 ||   191
       Scorch            |       |     7 |    11 ||    18
  Use: Scroll            |     1 |       |       ||     1
       Potion            |     1 |       |       ||     1
 Stab: Sleeping          |     2 |     4 |       ||     6
Armor: Robe              |    12 |    22 |     7 ||    41
Dodge: Dodged            |    18 |    72 |    33 ||   123
